Unix NetHack Version 5.0.0-0 post-release - last build Jun 10 2026 00:39:30 (3ee93aec679c4c4259841fe613dc97188e26a321,branch:main).

Game began 2026-06-12 22:12:44, ended 2026-06-12 22:47:40.

ARFwashere, chaotic male human Monk

       --- ---
      --.---.---
      |...|....--------       ---
      |-..............------ --.--
      |.........--..-...|..---...--------
     --......|0.........................|
     |......------------...-..-.------..|
     |.....--          --........-   |.%---.-
     ----..|            |-.. .....   |.......
        ----            |........-   -----...
              ----      --.......-       |..-
        --- - |..----    ---.|%%..|     --.--
       --.--.--.<...--     --|...-    ---..-
      --...%....*..).--    ----..-----|....
      -....)...*%.....-- ---.|.....|.--....
      0........|.......---.Y@:.)........)...
      -......----....[..^........0.)...---..
      ---....| |...|...).......---#...   #..
        --.--- |..---.----.--..|  ---
         ---   ---- ---  -------
ARFwashere the Initiate         St:18 Dx:15 Co:9 In:8 Wi:16 Ch:9  Chaotic
Dlvl:7  $:282 HP:0(53) Pw:42(42) AC:4  Xp:7 T:2070 

Latest messages:
 You are hit by a boulder!
 In what direction? h
 You kick a crossbow.
 In what direction? h
 You kick a crossbow bolt.
 In what direction? h
 You kick a crossbow bolt.
 In what direction? h
 You kick a crossbow bolt.
 In what direction? h
 You kick a crossbow bolt.
 In what direction? h
 You kick a crossbow bolt.
 With great effort you move the boulder.
 Really step onto that rolling boulder trap? [yn] (n) y
 There are several objects here.
 You escape a rolling boulder trap.
 I - 4 crossbow bolts.
 J - 3 crossbow bolts.
 L - an effervescent potion.
 M - a partly used candle.
 I - 2 crossbow bolts (6 in total).
 You see here a crossbow bolt.
 I - a crossbow bolt (7 in total).
 You see here 2 crossbow bolts.
 I - 2 crossbow bolts (9 in total).
 You hear a B note squeak nearby.
 Pick a monster, object or location.
 Y        an apelike creature (owlbear)
 The iguana staggers from your powerful strike!
 The owlbear hits!
 The owlbear hits again!
 The owlbear grabs you!
 What do you want to eat? [fhiuSY or ?*] <space>
 Never mind.
 What do you want to drink? [deHL or ?*] ?
 You feel better.
 The owlbear hits!
 The owlbear hits again!
 You are being crushed.
 You hit the owlbear!
 The owlbear hits!
 The owlbear hits again!
 You are being crushed.
 You die...
 Do you want your possessions identified? [ynq] (y) y
 Do you want to see your attributes? [ynq] (y) y
 Do you want an account of creatures vanquished? [ynaq] (y) n
 Do you want to see your conduct and achievements? [ynq] (y) y
 Do you want to see the dungeon overview? [ynq] (y) y

Inventory:
 Coins    ('$')
  $ - 282 gold pieces
 Weapons  (')')
  J - 3 blessed +0 crossbow bolts
  I - 9 +0 crossbow bolts
  F - 3 cursed -1 crossbow bolts (in quiver pouch)
  G - a +0 crossbow (alternate weapon; not wielded)
  z - 4 +0 darts
 Armor    ('[')
  a - an uncursed +2 pair of leather gloves (being worn)
  b - an uncursed +1 robe (being worn)
 Comestibles  ('%')
  f - 4 uncursed food rations
  i - 2 uncursed fortune cookies
  u - an uncursed lembas wafer
  h - 2 uncursed oranges
  Y - an uncursed pancake
  S - an uncursed tripe ration
 Scrolls  ('?')
  K - an uncursed scroll of confuse monster
  p - 2 uncursed scrolls of identify
  w - an uncursed scroll of magic mapping
  t - an uncursed scroll of scare monster
  x - an uncursed scroll of teleportation
 Spellbooks  ('+')
  r - an uncursed spellbook of detect unseen
  j - a blessed spellbook of healing
  m - an uncursed spellbook of protection
 Potions  ('!')
  L - an uncursed potion of blindness
  d - 2 blessed potions of healing
  e - an uncursed potion of healing
  H - an uncursed potion of monster detection
 Rings    ('=')
  X - an uncursed ring of searching
 Wands    ('/')
  o - a blessed wand of digging (0:7)
  n - a wand of digging (0:8)
  R - a wand of polymorph (0:5)
  C - a wand of striking (0:7)
  D - a wand of striking (0:3)
 Tools    ('(')
  k - an uncursed skeleton key
  M - an uncursed partly used tallow candle
 Gems/Stones  ('*')
  E - an uncursed luckstone

ARFwashere the Monk's attributes:

Background:
 You were an Initiate, a level 7 male human Monk.
 You were chaotic, on a mission for Huan Ti
 who was opposed by Shan Lai Ching (lawful) and Chih Sung-tzu (neutral).
 You were right-handed.
 You were in the Gnomish Mines, on level 7.
 You entered the dungeon 2070 turns ago.
 It was nighttime.
 You had 890 experience points, 390 more were needed to attain level 8.

Basics:
 You had 0 out of 53 hit points.
 You had all 42 energy points (spell power).
 Your armor class was 4.
 Your wallet contained 282 zorkmids.
 Autopickup was on for '$' plus thrown.

Final Characteristics:
 Your strength was 18 (limit:18/100).
 Your dexterity was 15 (peak:16, limit:18).
 Your constitution was 9 (limit:18).
 Your intelligence was 8 (limit:18).
 Your wisdom was 16 (limit:18).
 Your charisma was 9 (limit:18).

Final Status:
 You were held by an owlbear (west).
 You weren't hungry.
 You were unencumbered.
 You were empty handed.
 You had basic skill with martial arts and could have enhanced that.

Final Attributes:
 You were devoutly aligned.
 You were sleep resistant.
 You were poison resistant.
 You saw invisible.
 You were telepathic.
 You were warned.
 You were stealthy.
 You were guarded.
 Your spell casting was enhanced by wearing a robe.
 You were fast.
 You were lucky.
 You had extra luck.
 Bad luck did not time out for you.
 Good luck did not time out for you.
 You are dead.

Miscellaneous:
 You didn't encounter any bones levels.
 Total elapsed playing time was 34 minutes and 55 seconds.

Major events:
 Turn
    1: ARFwashere the chaotic male human Monk entered the dungeon
  614: entered the Gnomish Mines
  636: attained the rank of Novice (level 3)
  909: reached Mine Town
  985: attained the rank of Initiate (level 6)
 2070: killed by an owlbear

Spells:
 Name                 Level Category     Fail Retention
 healing                1   healing        0%   81%-90%

Skills:
 Fighting Skills
   martial arts       [Basic]
 Weapon Skills
   quarterstaff       [Unskilled]
   spear              [Unskilled]
   crossbow           [Unskilled]
   shuriken           [Unskilled]
 Spellcasting Skills
   attack spells      [Unskilled]
   healing spells     [Basic]
   divination spells  [Unskilled]
   enchantment spells [Unskilled]
   clerical spells    [Unskilled]
   escape spells      [Unskilled]
   matter spells      [Unskilled]

Voluntary challenges:
 Character rerolling was not enabled.
 You never hit with a wielded weapon.
 You never genocided any monsters.
 You never polymorphed an object.
 You never changed form.
 You used no wishes.
Achievements:
 You entered a shop.
 You entered the Gnomish Mines.
 You attained the rank of Novice.
 You entered Minetown.
 You attained the rank of Initiate.
 You entered a temple.

 The Dungeons of Doom: levels 1 to 2
    Level 1:
       A fountain, a grave.
    Level 2:
       A general store.
       Stairs down to The Gnomish Mines.
 The Gnomish Mines: levels 3 to 7
    Level 3:
    Level 4:
    Level 5:
       Many shops, a temple and an altar, some fountains, a sink.
    Level 6:
    Level 7: <- You were here.
       Final resting place for
          you, killed by an owlbear.


Vanquished creatures:
  a leprechaun
  a gnome ruler
 an orc mummy
  2 fog clouds
 11 gnome leaders
  2 gnomish wizards
  2 little dogs
  a floating eye
  9 dwarves
  5 monkeys
  4 dwarf zombies
  a wererat
  a hobbit
  a hobgoblin
 38 gnomes
  a jackal
  a fox
  2 goblins
  a sewer rat
  5 grid bugs
  a bat
  3 lichens
  2 newts
96 creatures vanquished.

No species were genocided or became extinct.

Game over:
                       ----------
                      /          \
                     /    REST    \
                    /      IN      \
                   /     PEACE      \
                  /                  \
                  |    ARFwashere    |
                  |      282 Au      |
                  |   killed by an   |
                  |     owlbear      |
                  |                  |
                  |                  |
                  |       2026       |
                 *|     *  *  *      | *
        _________)/\\_//(\/(/\)/\//\/|_)_______

Goodbye ARFwashere the Monk...

You died in The Gnomish Mines on dungeon level 7 with 4124 points,
and 282 pieces of gold, after 2070 moves.
You were level 7 with a maximum of 53 hit points when you died.

